TOP OF THE 1ST |
Pennsylvania State University Nittany Lions batting - Pitching for Washington State University Cougars : RHP Steve Cooper
|
Pitching: RHP Steve Cooper
|
|
Batting: RHB Jesse Bandt
|
0-0: Called Strike 0-1: Ball 1-1: Fly out, F7 (Flyball, 7S, EV 96.2 MPH)
|
Batting: RHB Pete Martin
|
0-0: Foul Ball, location: 2F 0-1: Foul Ball, location: 2F 0-2: Ground out 5-3 (Groundball, 56, EV 86.9 MPH)
|
Batting: RHB Josh Ebeling
|
0-0: Ball 1-0: Called Strike 1-1: Foul Ball, location: 2F 1-2: Fly out, F9 (Line Drive, 89S, EV 89.4 MPH)
|
Top of the 1st over - 0 runs, 0 hits, 0 errors, 0 left on base; Pennsylvania State University 0 - Washington State University 0 |
BOTTOM OF THE 1ST |
Washington State University Cougars batting - Pitching for Pennsylvania State University Nittany Lions : LHP Yari Rono
|
Pitching: LHP Yari Rono
|
|
Batting: LHB David Jackson
|
0-0: Foul Ball, location: 2F 0-1: Ball 1-1: Ball 2-1: Ball 3-1: Foul Ball, location: 2F 3-2: Foul Ball, location: 2F 3-2: Fly out, F8 (Flyball, 8RM, EV 94.4 MPH)
|
Batting: LHB Israel Ariza
|
0-0: Foul Ball, location: 2F 0-1: Called Strike 0-2: DOUBLE (Flyball, 8RXD, EV 101.2 MPH)
|
Batting: SHB Juan Delanoval
|
0-0: Fly out, F9 (Flyball, 89D, EV 101.2 MPH)
|
Batting: RHB Mas Langat
|
0-0: Called Strike 0-1: Called Strike 0-2: Fly out, F7 (Flyball, 7LM, EV 98.1 MPH)
|
Bottom of the 1st over - 0 runs, 1 hit, 0 errors, 1 left on base; Pennsylvania State University 0 - Washington State University 0 |
TOP OF THE 2ND |
Pennsylvania State University Nittany Lions batting - Pitching for Washington State University Cougars : RHP Steve Cooper
|
Batting: RHB Rob Hinojosa
|
0-0: Ball 1-0: Ball 2-0: Ball 3-0: Called Strike 3-1: Base on Balls
|
Batting: RHB Victor Victorino
|
0-0: Foul Ball, location: 2F 0-1: Grounds into double play, 4-6-3 (Groundball, 34, EV 88.1 MPH)
|
Batting: RHB Francisco Velazquez
|
0-0: Ball 1-0: Ball 2-0: Ball 3-0: Called Strike 3-1: Swinging Strike 3-2: Foul Ball, location: 2F 3-2: Foul Ball, location: 2F 3-2: Foul Ball, location: 2F 3-2: Foul Ball, location: 2F 3-2: Foul Ball, location: 2F 3-2: Foul Ball, location: 2F 3-2: Base on Balls
|
Batting: RHB Perry Brantley
|
0-0: Called Strike 0-1: Ball 1-1: Foul Ball, location: 2F 1-2: Ball 2-2: Ball Francisco Velazquez steals 2nd base (no throw) 3-2: Ground out 6-3 (Groundball, 6, EV 95.0 MPH)
|
Top of the 2nd over - 0 runs, 0 hits, 0 errors, 1 left on base; Pennsylvania State University 0 - Washington State University 0 |
BOTTOM OF THE 2ND |
Washington State University Cougars batting - Pitching for Pennsylvania State University Nittany Lions : LHP Yari Rono
|
Batting: LHB Scott Spillers
|
0-0: Ball 1-0: Foul Ball, location: 2F 1-1: Ball 2-1: Ball 3-1: DOUBLE (Line Drive, 89D, EV 108.8 MPH)
|
Batting: RHB Miguel Paredes
|
0-0: Ball 1-0: Foul Ball, location: 2F 1-1: Ball 2-1: Called Strike 2-2: Ball 3-2: Foul Ball, location: 2F 3-2: SINGLE (Line Drive, 9S, EV 95.6 MPH) Scott Spillers to third
|
Batting: RHB Wambua Ewansiha
|
0-0: Called Strike 0-1: Ball 1-1: Foul Ball, location: 2F 1-2: Foul Ball, location: 2F 1-2: Grounds into double play, 6-4-3 (Groundball, 6S, EV 85.0 MPH) Scott Spillers scores
|
Batting: RHB Ryan Toth
|
0-0: Called Strike 0-1: Ball 1-1: Fly out, F7 (Flyball, 7LM, EV 79.4 MPH)
|
Bottom of the 2nd over - 1 run, 2 hits, 0 errors, 0 left on base; Pennsylvania State University 0 - Washington State University 1 |
TOP OF THE 3RD |
Pennsylvania State University Nittany Lions batting - Pitching for Washington State University Cougars : RHP Steve Cooper
|
Batting: LHB Dan Lape
|
0-0: Ball 1-0: Fly out, F8 (Flyball, 78D, EV 100.0 MPH)
|
Batting: RHB Joe Strachan
|
0-0: Called Strike 0-1: Called Strike 0-2: Ball 1-2: Ground out 3-1 (Groundball, 34, EV 82.5 MPH)
|
Batting: RHB Jesse Bandt
|
0-0: Fly out, F8 (Line Drive, 8LD, EV 85.0 MPH)
|
Top of the 3rd over - 0 runs, 0 hits, 0 errors, 0 left on base; Pennsylvania State University 0 - Washington State University 1 |
BOTTOM OF THE 3RD |
Washington State University Cougars batting - Pitching for Pennsylvania State University Nittany Lions : LHP Yari Rono
|
Batting: RHB Ron Essink
|
0-0: Ball 1-0: Ground out 4-3 (Groundball, 4, EV 78.1 MPH)
|
Batting: LHB David Jackson
|
0-0: Ball 1-0: Called Strike 1-1: Called Strike 1-2: Strikes out swinging
|
Batting: LHB Israel Ariza
|
0-0: Ball 1-0: Ball 2-0: Called Strike 2-1: Ground out 6-3 (Groundball, 6, EV 85.0 MPH)
|
Bottom of the 3rd over - 0 runs, 0 hits, 0 errors, 0 left on base; Pennsylvania State University 0 - Washington State University 1 |
TOP OF THE 4TH |
Pennsylvania State University Nittany Lions batting - Pitching for Washington State University Cougars : RHP Steve Cooper
|
Batting: RHB Pete Martin
|
0-0: Called Strike 0-1: Ball 1-1: Foul Ball, location: 2F 1-2: Strikes out looking
|
Batting: RHB Josh Ebeling
|
0-0: Ball 1-0: Called Strike 1-1: Swinging Strike 1-2: Ball 2-2: Foul Ball, location: 2F 2-2: Foul Ball, location: 2F 2-2: Fly out, F6 (Popup, 4S, EV 78.8 MPH)
|
Batting: RHB Rob Hinojosa
|
0-0: Ball 1-0: Ball 2-0: Foul Ball, location: 2F 2-1: Fly out, F9 (Flyball, 9, EV 91.9 MPH)
|
Top of the 4th over - 0 runs, 0 hits, 0 errors, 0 left on base; Pennsylvania State University 0 - Washington State University 1 |
BOTTOM OF THE 4TH |
Washington State University Cougars batting - Pitching for Pennsylvania State University Nittany Lions : LHP Yari Rono
|
Batting: SHB Juan Delanoval
|
0-0: Ball 1-0: Ground out 5-3 (Groundball, 5, EV 90.6 MPH)
|
Batting: RHB Mas Langat
|
0-0: Foul Ball, location: 2F 0-1: Ball 1-1: Called Strike 1-2: Foul Ball, location: 2F 1-2: Ball 2-2: Foul Ball, location: 2F 2-2: Fly out, F7 (Flyball, 78M, EV 87.5 MPH)
|
Batting: LHB Scott Spillers
|
0-0: SINGLE (Flyball, 3D, EV 94.4 MPH)
|
Batting: RHB Miguel Paredes
|
0-0: Ball 1-0: Ball 2-0: Ball 3-0: Base on Balls Scott Spillers to second
|
Batting: RHB Wambua Ewansiha
|
0-0: Fly out, F9 (Flyball, 9, EV 96.9 MPH)
|
Bottom of the 4th over - 0 runs, 1 hit, 0 errors, 2 left on base; Pennsylvania State University 0 - Washington State University 1 |
TOP OF THE 5TH |
Pennsylvania State University Nittany Lions batting - Pitching for Washington State University Cougars : RHP Steve Cooper
|
Batting: RHB Victor Victorino
|
0-0: Foul Ball, location: 2F 0-1: Foul Ball, location: 2F 0-2: Ball 1-2: Single, Error in OF, E7, batter to second base (Groundball, 56D, EV 103.8 MPH)
|
Batting: RHB Francisco Velazquez
|
0-0: Called Strike 0-1: Foul Ball, location: 2F 0-2: Ball 1-2: Strikes out swinging
|
Batting: RHB Perry Brantley
|
0-0: Called Strike 0-1: Reached on error, E3 (Groundball, 34, EV 88.8 MPH) Victor Victorino to third
|
Batting: LHB Dan Lape
|
0-0: Ball 1-0: Foul Ball, location: 2F 1-1: Foul Ball, location: 2F 1-2: Strikes out looking Perry Brantley steals 2nd base Batter strikes out.
|
Batting: RHB Joe Strachan
|
0-0: Called Strike 0-1: Ball 1-1: Ball 2-1: Swinging Strike 2-2: Foul Ball, location: 2F 2-2: Foul Ball, location: 2F 2-2: Ball 3-2: Foul Ball, location: 2F 3-2: Strikes out swinging
|
Top of the 5th over - 0 runs, 1 hit, 2 errors, 2 left on base; Pennsylvania State University 0 - Washington State University 1 |
BOTTOM OF THE 5TH |
Washington State University Cougars batting - Pitching for Pennsylvania State University Nittany Lions : LHP Yari Rono
|
Batting: RHB Ryan Toth
|
0-0: Called Strike 0-1: Foul Ball, location: 2F 0-2: SINGLE (Groundball, 4MD, EV 106.2 MPH)
|
Batting: RHB Ron Essink
|
0-0: Ball 1-0: Foul Ball, location: 2F 1-1: Foul Ball, location: 2F 1-2: Grounds into double play, 4-6-3 (Groundball, 4, EV 105.0 MPH)
|
Batting: LHB David Jackson
|
0-0: Ball 1-0: Called Strike 1-1: Fly out, F8 (Flyball, 8RD, EV 105.6 MPH)
|
Bottom of the 5th over - 0 runs, 1 hit, 0 errors, 0 left on base; Pennsylvania State University 0 - Washington State University 1 |
TOP OF THE 6TH |
Pennsylvania State University Nittany Lions batting - Pitching for Washington State University Cougars : RHP Steve Cooper
|
Batting: RHB Jesse Bandt
|
0-0: Foul Ball, location: 2F 0-1: Ball 1-1: Ball 2-1: Foul Ball, location: 2F 2-2: Ball 3-2: DOUBLE (Line Drive, 9LM, EV 96.2 MPH)
|
Pitching: RHP Randolph Batten
|
|
Batting: RHB Pete Martin
|
0-0: Ball 1-0: Foul Ball, location: 2F 1-1: Ball 2-1: Ball 3-1: Foul Ball, location: 2F 3-2: Ground out 5-3 (Groundball, 56S, EV 70.0 MPH) Jesse Bandt to third
|
Batting: RHB Josh Ebeling
|
0-0: Called Strike 0-1: Ball 1-1: Swinging Strike 1-2: SINGLE (Groundball, 6D, EV 108.1 MPH) Jesse Bandt scores
|
Batting: RHB Rob Hinojosa
|
0-0: Called Strike 0-1: Called Strike 0-2: Fly out, F5 (Popup, 56S, EV 85.0 MPH)
|
Batting: RHB Victor Victorino
|
0-0: Reached on error, E2 (Groundball, 2L, EV 66.9 MPH) Josh Ebeling to second
|
Batting: RHB Francisco Velazquez
|
0-0: Foul Ball, location: 2F 0-1: Ball 1-1: Fielders Choice at 2nd, 5-4 (Groundball, 5, EV 84.4 MPH)
|
Top of the 6th over - 1 run, 2 hits, 1 error, 2 left on base; Pennsylvania State University 1 - Washington State University 1 |
BOTTOM OF THE 6TH |
Washington State University Cougars batting - Pitching for Pennsylvania State University Nittany Lions : LHP Yari Rono
|
Batting: LHB Israel Ariza
|
0-0: Called Strike 0-1: Fly out, F8 (Flyball, 8RS, EV 74.4 MPH)
|
Pitching: RHP David Cantu
|
|
Batting: SHB Juan Delanoval
|
0-0: Ball 1-0: Ball 2-0: Called Strike 2-1: Foul Ball, location: 2F 2-2: Foul Ball, location: 2F 2-2: Ground out 6-3 (Groundball, 6M, EV 88.1 MPH)
|
Batting: RHB Mas Langat
|
0-0: SINGLE (Line Drive, 7S, EV 110.6 MPH)
|
Batting: LHB Scott Spillers
|
0-0: Called Strike 0-1: Fly out, F7 (Flyball, 7D, EV 92.5 MPH)
|
Bottom of the 6th over - 0 runs, 1 hit, 0 errors, 1 left on base; Pennsylvania State University 1 - Washington State University 1 |
TOP OF THE 7TH |
Pennsylvania State University Nittany Lions batting - Pitching for Washington State University Cougars : RHP Randolph Batten
|
Pitching: RHP Joaquin Adame
|
|
Batting: RHB Perry Brantley
|
0-0: Ball 1-0: Foul Ball, location: 2F 1-1: Ball 2-1: Called Strike 2-2: Fly out, F7 (Flyball, 78M, EV 86.9 MPH)
|
Batting: LHB Dan Lape
|
0-0: Called Strike 0-1: Foul Ball, location: 2F 0-2: Ball 1-2: Strikes out looking
|
Batting: RHB Joe Strachan
|
0-0: Ball 1-0: Ball 2-0: Foul Ball, location: 2F 2-1: Ball 3-1: Called Strike 3-2: Strikes out swinging
|
Top of the 7th over - 0 runs, 0 hits, 0 errors, 0 left on base; Pennsylvania State University 1 - Washington State University 1 |
BOTTOM OF THE 7TH |
Washington State University Cougars batting - Pitching for Pennsylvania State University Nittany Lions : RHP David Cantu
|
Pitching: RHP Hector Guzman
|
|
Batting: RHB Miguel Paredes
|
0-0: Fly out, F7 (Flyball, 7D, EV 91.9 MPH)
|
Batting: RHB Wambua Ewansiha
|
0-0: Ball 1-0: Ball 2-0: Called Strike 2-1: SINGLE (Groundball, 56D, EV 105.0 MPH)
|
Batting: RHB Ryan Toth
|
0-0: Called Strike 0-1: Called Strike 0-2: Ball 1-2: Foul Ball, location: 2F 1-2: Fly out, F5 (Popup, 56, EV 53.8 MPH)
|
Pinch Hitting: LHB Rex Creswell
|
0-0: Ball 1-0: Ball 2-0: SINGLE (Groundball, 4MD, EV 94.4 MPH) Wambua Ewansiha to second Runner from 2nd tries for 3rd, SAFE, no throw by CF
|
Pitching: LHP Roberto Mendez
|
|
Batting: LHB David Jackson
|
0-0: Swinging Strike 0-1: Called Strike 0-2: Strikes out swinging
|
Bottom of the 7th over - 0 runs, 2 hits, 0 errors, 2 left on base; Pennsylvania State University 1 - Washington State University 1 |
TOP OF THE 8TH |
Pennsylvania State University Nittany Lions batting - Pitching for Washington State University Cougars : RHP Joaquin Adame
|
Now at 2B: Ryan Toth
|
|
Now at 3B: Rex Creswell
|
|
Batting: RHB Jesse Bandt
|
0-0: Ball 1-0: Ball 2-0: Ball 3-0: Called Strike 3-1: Called Strike 3-2: Foul Ball, location: 2F 3-2: Foul Ball, location: 2F 3-2: Foul Ball, location: 2F 3-2: Foul Ball, location: 2F 3-2: Ground out 6-3 (Groundball, 6, EV 83.1 MPH)
|
Batting: RHB Pete Martin
|
0-0: Ball 1-0: Ball 2-0: Foul Ball, location: 2F 2-1: Foul Ball, location: 2F 2-2: Ball 3-2: Ground out 5-3 (Groundball, 56S, EV 82.5 MPH)
|
Batting: RHB Josh Ebeling
|
0-0: Ball 1-0: Ball 2-0: Swinging Strike 2-1: Ball 3-1: Called Strike 3-2: Base on Balls
|
Pitching: RHP Manuel Santiago
|
|
Batting: RHB Rob Hinojosa
|
0-0: Ball 1-0: Called Strike Josh Ebeling steals 2nd base 1-1: Fly out, F8 (Flyball, 89D, EV 99.4 MPH)
|
Top of the 8th over - 0 runs, 0 hits, 0 errors, 1 left on base; Pennsylvania State University 1 - Washington State University 1 |
BOTTOM OF THE 8TH |
Washington State University Cougars batting - Pitching for Pennsylvania State University Nittany Lions : LHP Roberto Mendez
|
Batting: LHB Israel Ariza
|
0-0: Ground out 4-3 (Groundball, 4, EV 91.9 MPH)
|
Batting: SHB Juan Delanoval
|
0-0: Ball 1-0: Ball 2-0: Foul Ball, location: 2F 2-1: Foul Ball, location: 2F 2-2: Strikes out swinging
|
Batting: RHB Mas Langat
|
0-0: Swinging Strike 0-1: Ball 1-1: Called Strike 1-2: Foul Ball, location: 2F 1-2: Ball 2-2: Strikes out looking
|
Bottom of the 8th over - 0 runs, 0 hits, 0 errors, 0 left on base; Pennsylvania State University 1 - Washington State University 1 |
TOP OF THE 9TH |
Pennsylvania State University Nittany Lions batting - Pitching for Washington State University Cougars : RHP Manuel Santiago
|
Pitching: RHP Arthur Scholten
|
|
Batting: RHB Victor Victorino
|
0-0: DOUBLE (Line Drive, 7LD, EV 100.6 MPH)
|
Batting: RHB Francisco Velazquez
|
0-0: Intentional Walk
|
Batting: RHB Perry Brantley
|
0-0: Foul Ball, location: 2F 0-1: Called Strike 0-2: Ball 1-2: Ball 2-2: Foul Ball, location: 2F 2-2: Ball 3-2: Base on Balls Victor Victorino to third Francisco Velazquez to second
|
Batting: LHB Dan Lape
|
0-0: Ball 1-0: Ball 2-0: SINGLE (Line Drive, 7LS, EV 98.8 MPH) Victor Victorino scores Francisco Velazquez to third Perry Brantley to second Runner from 3rd tries for Home, SAFE, throw by LF to home
|
Batting: RHB Joe Strachan
|
0-0: Ball 1-0: Fielders Choice at 2nd, 2-4 (Groundball, 15S, EV 72.5 MPH) Perry Brantley to third
|
Batting: RHB Jesse Bandt
|
0-0: Called Strike 0-1: Ball 1-1: Ball 2-1: Ball 3-1: Swinging Strike 3-2: SINGLE (Line Drive, 6D, EV 103.8 MPH) Perry Brantley scores Joe Strachan to second
|
Batting: RHB Pete Martin
|
0-0: Called Strike 0-1: Swinging Strike 0-2: Strikes out swinging
|
Batting: RHB Josh Ebeling
|
0-0: Called Strike 0-1: Called Strike 0-2: Strikes out looking
|
Top of the 9th over - 3 runs, 3 hits, 0 errors, 2 left on base; Pennsylvania State University 4 - Washington State University 1 |
BOTTOM OF THE 9TH |
Washington State University Cougars batting - Pitching for Pennsylvania State University Nittany Lions : LHP Roberto Mendez
|
Pitching: LHP John McDonald
|
|
Batting: LHB Scott Spillers
|
0-0: Ball 1-0: Foul Ball, location: 2F 1-1: Ground out 4-3 (Groundball, 4, EV 90.6 MPH)
|
Batting: RHB Miguel Paredes
|
0-0: Fly out, F9 (Flyball, 9, EV 73.8 MPH)
|
Batting: RHB Wambua Ewansiha
|
0-0: Called Strike 0-1: Foul Ball, location: 2F 0-2: Ball 1-2: Strikes out swinging
|
Bottom of the 9th over - 0 runs, 0 hits, 0 errors, 0 left on base; Pennsylvania State University 4 - Washington State University 1 |
|